 Dungeon Crawl Stone Soup version 0.16-a0-3453-g1f4d23a (webtiles) character file.

2926 Minkie the Basher (level 9, -2/101 HPs)
             Began as an Ogre Hunter on Jan 1, 2015.
             Slain by a catoblepas (11 damage)
             ... on level 9 of the Dungeon.
             The game lasted 00:29:51 (8216 turns).

Minkie the Basher (Ogre Hunter)                     Turns: 8216, Time: 00:29:51

Health: -2/101     AC:  9    Str: 19    XL:     9   Next: 79%
Magic:  8/8        EV:  1    Int: 13    God:
Gold:   311        SH:  0    Dex:  8    Spells: 0 memorised, 8 levels left

rFire  . . .     SeeInvis .     r - +3 flail (protect)
rCold  . . .     Clarity  .     d - +0 animal skin
rNeg   + + +     SustAb   .     (shield restricted)
rPois  ∞         Gourm    .     (helmet restricted)
rElec  .         Spirit   .     x - +0 cloak
rCorr  .         Warding  .     (gloves unavailable)
rMut   .         Stasis   .     (boots unavailable)
MR     .....                    (no amulet)
Stlth  +.........               (no ring)
                                C - +2 ring of evasion

@: petrified, not resistant to hostile enchantments, very unstealthy
A: unfitting armour, hooves 1, clumsy 1, low mp 1, tough skin 1, evolution 1
a: no special abilities


You were on level 9 of the Dungeon.
You were very hungry.

You visited 2 branches of the dungeon, and saw 10 of its levels.

You collected 401 gold pieces.
You spent 90 gold pieces at shops.

Inventory:

Hand weapons
 r - a +3 flail of protection (weapon)
 F - a +0 giant spiked club
Missiles
 b - 5 large rocks (quivered)
 c - 2 throwing nets
Armour
 d - a +0 animal skin (worn)
 x - a +0 cloak (worn)
Jewellery
 a - an uncursed amulet of warding {unknown}
 C - a +2 ring of evasion (left hand)
 J - a +3 ring of strength {unknown}
 L - an uncursed ring of wizardry {unknown}
 N - an uncursed ring of wizardry {unknown}
Magical devices
 u - a wand of fire (9)
 D - a wand of lightning (4)
 G - a wand of fire (10)
 K - a wand of flame (10)
Scrolls
 i - a scroll of blinking {unknown}
 n - a scroll of fear {unknown}
 s - 3 scrolls of enchant weapon {unknown}
 t - 5 scrolls of remove curse {unknown}
 v - a scroll of enchant armour {unknown}
 w - a scroll of recharging {unknown}
 y - 3 scrolls of random uselessness {unknown}
 z - a scroll of noise {unknown}
 B - a scroll of amnesia {unknown}
 E - a scroll of summoning {unknown}
 H - a scroll of fog {unknown}
 I - a scroll of immolation {unknown}
 O - a scroll of acquirement {unknown}
Potions
 e - 2 potions of might
 j - a potion of brilliance
 k - 5 potions of curing
 m - a potion of cure mutation
 p - a potion of agility
 q - a potion of restore abilities
 A - 2 potions of degeneration {unknown}
 M - a potion of haste
Comestibles
 f - 3 meat rations
 g - 13 fruits
 h - 5 slices of pizza
 o - 4 bread rations


   Skills:
 - Level 10.0 Fighting
 + Level 13.5 Maces & Flails
 - Level 4.3 Throwing
 - Level 1.7 Dodging
 - Level 0.7 Stealth


You had 8 spell levels left.
You didn't know any spells.

Dungeon Overview and Level Annotations

Branches:
Dungeon (9/15)             Temple (1/1) D:4
   Lair: D:8-11         Orc: D:9-12

Altars:
Cheibriados
Dithmenos
Elyvilon
Fedhas
Gozag
Kikubaaqudgha
Makhleb
Okawaru
Qazlal
Ru
Sif Muna
Vehumet
Xom
Yredelemnul
Zin

Shops:
D:7 ?

Annotations:
D:3 exclusion: oklob plant


Innate Abilities, Weirdness & Mutations

You are too large for most types of armour.
You have tough skin (AC +1).
You have large cloven feet.
You are clumsy. (Dex -2)
Your magical capacity is low (-10% MP).
You evolve.


Message History

You are slowing down.
The catoblepas gores you! The catoblepas gores you!!
Your limbs are stiffening.
You sock the catoblepas!
The catoblepas is lightly wounded.
The catoblepas gores you!
* * * LOW HITPOINT WARNING * * *
You have turned to stone.
The catoblepas gores you!
* * * LOW HITPOINT WARNING * * *
The catoblepas gores you!!
* * * LOW HITPOINT WARNING * * *
The catoblepas breathes a plume of calcifying dust at you.
The blast of calcifying dust hits you!
You are engulfed in calcifying dust.
The catoblepas breathes a plume of calcifying dust at you.
The blast of calcifying dust hits you!
* * * LOW HITPOINT WARNING * * *
You are engulfed in calcifying dust.
The catoblepas gores you!!
You die...

. ##. #.. #.. #
#...######...
#...#........ #..
......... #..##Y........
#.>..@........
#.#.#§........
#...#§.......
###.#......... ..
#.....................
##.#...................
#..#...................
#.##.#...............>.
####.......(..............


You could see a catoblepas.

Vanquished Creatures
  The ghost of jimeh the Skirmisher, an average TeFi (D:4)
  A hungry ghost (D:9)
  A hippogriff (D:8)
  2 phantoms (D:4)
  2 centaurs
  3 ogres
  5 giant frogs
  3 scorpions
  4 wights
  4 hounds
  3 crimson imps
  A goliath beetle (D:8)
  2 centaur skeletons
  3 worker ants
  Crazy Yiuf (D:4)
  A jelly (D:8)
  4 giant frog skeletons
  2 orc priests
  3 iguanas
  8 orc wizards
  A hound skeleton (D:8)
  Terence (D:2)
  4 gnolls (D:4)
  10 adders
  2 shadow imps
  A giant mite (D:2)
  3 worms
  An adder skeleton (D:4)
  5 giant geckos
  16 orcs
  3 ball pythons
  16 bats
  2 giant cockroaches
  2 gnoll zombies (D:7)
  8 goblins
  15 hobgoblins
  3 jackals
  3 quokkas
  7 giant newts
  A jackal skeleton (D:6)
  21 kobolds
  A quokka skeleton (D:6)
  13 rats
193 creatures vanquished.

Vanquished Creatures (others)
  12 toadstools (D:3)
12 creatures vanquished.

Grand Total: 205 creatures vanquished

Notes
Turn   | Place    | Note
--------------------------------------------------------------
     0 | D:1      | Minkie, the Ogre Hunter, began the quest for the Orb.
     0 | D:1      | Reached XP level 1. HP: 22/22 MP: 1/1
   351 | D:1      | Reached XP level 2. HP: 29/31 MP: 2/2
   733 | D:1      | Reached skill level 1 in Maces & Flails
   733 | D:1      | Reached XP level 3. HP: 24/39 MP: 3/3
  1432 | D:2      | Reached XP level 4. HP: 46/49 MP: 4/4
  1633 | D:2      | Found a snail-covered altar of Cheibriados.
  1645 | D:2      | Reached skill level 5 in Fighting
  1829 | D:2      | Noticed Terence
  1864 | D:2      | Killed Terence
  2346 | D:3      | Reached XP level 5. HP: 53/57 MP: 5/5
  2388 | D:3      | Reached skill level 6 in Fighting
  3126 | D:3      | Found a blossoming altar of Fedhas.
  3150 | D:3      | Noticed an oklob plant
  3423 | D:4      | Noticed a phantom
  3445 | D:4      | Killed a phantom
  3445 | D:4      | Reached XP level 6. HP: 65/68 MP: 6/6
  3557 | D:4      | Noticed Crazy Yiuf
  3558 | D:4      | Killed Crazy Yiuf
  3558 | D:4      | Reached skill level 5 in Maces & Flails
  3634 | D:4      | Found a staircase to the Ecumenical Temple.
  3639 | D:4      | Reached skill level 7 in Fighting
  3649 | Temple   | Entered the Ecumenical Temple
  4208 | D:4      | Noticed an ogre
  4213 | D:4      | Killed an ogre
  4213 | D:4      | Reached XP level 7. HP: 77/79 MP: 7/7
  4244 | D:4      | Reached skill level 8 in Fighting
  4674 | D:4      | Noticed jimeh's ghost (average TeFi)
  4679 | D:4      | Killed jimeh's ghost
  4679 | D:4      | Reached skill level 9 in Fighting
  4679 | D:4      | Reached XP level 8. HP: 66/92 MP: 8/8
  4944 | D:5      | Entered Level 5 of the Dungeon
  4944 | D:5      | Found an opulent altar of Gozag.
  5114 | D:5      | Found a blossoming altar of Fedhas.
  5114 | D:5      | Found an ancient bone altar of Kikubaaqudgha.
  5776 | D:6      | Reached skill level 10 in Fighting
  5977 | D:6      | Found a deep blue altar of Sif Muna.
  6116 | D:6      | Reached skill level 10 in Maces & Flails
  6279 | D:6      | Reached XP level 9. HP: 101/101 MP: 9/9
  6338 | D:7      | Found a burning altar of Makhleb.
  6346 | D:7      | Reached skill level 11 in Maces & Flails
  6736 | D:7      | Found a basalt altar of Yredelemnul.
  6810 | D:7      | Found Ekhlayz's Magic Scroll Emporium.
  6813 | D:7      | Bought a scroll of identify for 30 gold pieces
  6813 | D:7      | Bought a scroll of identify for 30 gold pieces
  6813 | D:7      | Bought a scroll of identify for 30 gold pieces
  6944 | D:6      | Identified Sif Muna's Tome of Confrontation
  7259 | D:8      | Reached skill level 12 in Maces & Flails
  7345 | D:8      | Gained mutation: Your magical capacity is low (-10% MP). [potion of mutation]
  7345 | D:8      | Gained mutation: Your magical capacity is very low (-20% MP). [potion of mutation]
  7345 | D:8      | Lost mutation: Your magical capacity is very low (-20% MP). [potion of mutation]
  7346 | D:8      | Gained mutation: You are clumsy. (Dex -2) [potion of mutation]
  7346 | D:8      | Gained mutation: You have large cloven feet. [potion of mutation]
  7346 | D:8      | Gained mutation: You evolve. [potion of mutation]
  7942 | D:8      | Reached skill level 13 in Maces & Flails
  8190 | D:9      | Found a white marble altar of Elyvilon.
  8203 | D:9      | Noticed a catoblepas
  8216 | D:9      | Slain by a catoblepas

Action                   |  1- 3 |  4- 6 |  7- 9 || total
-------------------------+-------+-------+-------++-------
Melee: Short sword       |    29 |       |       ||    29
       Whip              |   112 |    46 |       ||   158
       Flail             |       |   116 |   345 ||   461
Throw: Large rock        |     3 |    13 |    13 ||    29
       Throwing net      |       |       |     1 ||     1
  Use: Scroll            |       |       |     9 ||     9
       Potion            |       |       |     4 ||     4
 Stab: Sleeping          |       |     1 |       ||     1
  Eat: Chunk             |     2 |     9 |    10 ||    21
       Beef jerky        |       |       |     1 ||     1
